 Seeded DCSS version 0.30.0-30-g96aa6591b8 (webtiles) character file.

Game seed: 5262528099854255737 (custom seed)

4333 CInkIbrahim the Carver (level 10, -10/80 HPs)
             Began as a Yellow Draconian Gladiator on June 28, 2023.
             Mangled by an orc warlord
             ... wielding a +2 battleaxe
              (15 damage)
             ... in a bailey.
             The game lasted 00:14:29 (6067 turns).

CInkIbrahim the Carver (Yellow Draconian Gladiator) Turns: 6067, Time: 00:14:30

Health: -10/80     AC: 13    Str: 23    XL:     10   Next: 12%
Magic:  0/10       EV: 14    Int:  8    God:
Gold:   333        SH:  0    Dex: 17    Spells: 9/9 levels left

rFire   . . .        a - +11 Singing Sword {sonic wave}
rCold   . . .        (no shield)
rNeg    . . .        (body armour unavailable)
rPois   +            z - +2 hat of the Bear Spirit {Spirit, Bear, *Rage Will++}
rElec   .            i - +2 cloak
rCorr   +            A - +0 pair of gloves
SInv    .            (no boots)
Will    ++...        (no amulet)
Stlth   ++           h - ring of poison resistance
HPRegen 0.33/turn    x - +6 ring of strength
MPRegen 0.12/turn

%: random rage (20%), guardian spirit
@: mighty, on berserk cooldown, hasted, very quick
A: spit acid, AC +7, unfitting armour, cold-blooded, acid resistance
a: Breathe Acid


You were in a bailey.
You visited 1 branch of the dungeon, and saw 7 of its levels.
You also visited: Sewer, Ossuary and Bailey.

You collected 418 gold pieces.
You spent 85 gold pieces at shops.

Inventory:

Hand Weapons
 a - the +11 Singing Sword (weapon) {sonic wave}
   (You found it on level 4 of the Dungeon)
 b - a +0 vampiric short sword
 j - a +0 vampiric long sword
 y - the +5 hand axe "Xecapp" {freeze, rElec rPois Will+ Str+3}
   (You found it on level 7 of the Dungeon)

   Str:       It affects your strength (+3).
   rElec:     It insulates you from electricity.
   rPois:     It protects you from poison.
   Will:      It increases your willpower.
 B - a +0 dagger of electrocution
Missiles
 c - 3 throwing nets (quivered)
 d - a javelin
 w - 10 poisoned darts
Armour
 g - a +0 hat
 i - a +2 cloak (worn)
 v - a +0 kite shield
 z - the +2 hat of the Bear Spirit (worn) {Spirit, Bear, *Rage Will++}
   (You acquired it on level 2 of the Dungeon)

   Bear:      Going berserk makes the wearer exceptionally tough, and they are
   slowed for a shorter time afterward.
   *Rage:     It berserks you when you make melee attacks (+20% chance).
   Will:      It greatly increases your willpower.
 A - a +0 pair of gloves (worn)
Jewellery
 f - a ring of positive energy
 h - a ring of poison resistance (left hand)
 u - a ring of willpower
 x - a +6 ring of strength (right hand)
 O - a ring of see invisible
Wands
 k - a wand of charming (11)
 D - a wand of acid (13)
 E - a wand of flame (22)
 F - a wand of polymorph (6)
Scrolls
 o - 4 scrolls of enchant armour
 s - 3 scrolls of fog
 t - 6 scrolls of teleportation
 G - 2 scrolls of magic mapping {unknown}
 L - a scroll of noise
 P - a scroll of butterflies {unknown}
 Q - a scroll of blinking
Potions
 e - 4 potions of heal wounds
 l - 5 potions of curing
 m - a potion of magic {unknown}
 n - a potion of berserk rage {unknown}
 q - 3 potions of resistance {unknown}
 r - 3 potions of brilliance {unknown}
 C - a potion of invisibility {unknown}
 H - a potion of attraction
 I - 2 potions of might
 J - 2 potions of mutation
 M - a potion of flight
 N - a potion of degeneration {unknown}


   Skills:
 + Level 4.5 Fighting
 * Level 13.9 Long Blades
 - Level 1.7 Throwing
 + Level 4.3 Dodging


You had 9 spell levels left.
You didn't know any spells.
Your spell library contained the following spells:

 Spells                   Type           Power      Damage    Failure   Level
 Apportation              Tloc           0%         N/A       41%         1
 Necrotise                Necr           0%         1d4       41%         1
 Summon Small Mammal      Summ           0%         N/A       41%         1
 Sublimation of Blood     Necr           0%         N/A       54%         2
 Wereblood                Tmut           0%         N/A       54%         2
 Animate Dead             Necr           0%         N/A       99%         4
 Haunt                    Necr/Summ      0%         N/A       100%        7
 Summon Hydra             Summ           0%         N/A       100%        7
 Infestation              Necr           0%         N/A       100%        8


Dungeon Overview and Level Annotations

Branches:
Dungeon (7/15)              Sewer (visited)         Ossuary (visited)
 Bailey (1/1)
 Temple: D:4-7

Altars:
Cheibriados
Elyvilon
Fedhas
Gozag
Ru
Uskayaw

Shops:
D:1 :   D:2 [


Innate Abilities, Weirdness & Mutations

You can spit globs of acid.
Your golden yellow scales are hard. (AC +7)
You cannot fit into any form of body armour.
You are cold-blooded and may be slowed by cold attacks.
You are resistant to acid. (rCorr)


Message History

The orc warlord resists with almost no effort.
A hobgoblin comes into view. It is wielding a +0 hand axe.
Okay, then.
You feel yourself speed up.
The hobgoblin shouts!
A goblin comes into view.
It is wielding a +4 shortbow of flaming.
Okay, then.
It was a potion of heal wounds.
You feel much better.
You slice the orc warlord!!
The orc warlord is lightly wounded.
The orc warlord hits you with a +2 battleaxe!!
You hit the orc warlord. You punch the orc warlord.
The orc warlord is moderately wounded.
The orc warlord hits you with a +2 battleaxe!
You hit the orc warlord but do no damage.
The Screaming Sword shrieks, "I AM A POET OF DESPAIR!"
You send a blast of sound all around you.
You kill the hobgoblin!
The orc warlord is heavily wounded.
You kill the goblin!
The orc warlord is heavily wounded.
You hear a shout! x2
The orc warlord hits you with a +2 battleaxe!!
* * * LOW HITPOINT WARNING * * *
You are too injured to fight recklessly!
You are too injured to fight recklessly!
You hit the orc warlord.
The Singing Sword shouts, "DIE WHILE I'M SINGING!"
You send a blast of sound all around you.
The orc warlord is heavily wounded. x2
You feel yourself speed up.
You hear a shout!
The orc warlord hits you with a +2 battleaxe!!
* * * LOW HITPOINT WARNING * * *
You slice the orc warlord!!
The orc warlord is almost dead.
You completely miss the orc warlord.
The orc warlord is almost dead.
The orc warlord hits you with a +2 battleaxe!
You die...

.##.......##.......##
'.........'.......#
##.........##.....##
#.....⌠.....#######
#.....)...##
#.........#
#.)...).## #.....o.#
##..∩.@## #######


You could see an orc warlord.

Vanquished Creatures
  Pikel (D:4)
  An orc knight (Bailey)
  Sigmund (D:3)
  2 water moccasins
  7 orc warriors
  A black bear (D:6)
  An ogre (D:5)
  An ice beast (D:6)
  A phantom (D:2)
  A lemure (D:4)
  3 bullfrogs
  8 scorpions
  4 water moccasin zombies (Ossuary)
  The ghost of nogood the Firebug, a weakling DsFE (D:3)
  A howler monkey (D:6)
  2 jellies
  2 hounds
  3 orc priests
  2 gnoll boudas (D:5)
  Jessica (D:3)
  Natasha (thrice) (D:4)
  5 iguanas
  3 orc wizards
  2 mummies (Ossuary)
  12 gnolls
  6 river rats
  12 adders
  2 ufetubi (D:4)
  7 adder zombies (Ossuary)
  A worm (D:3)
  2 dart slugs
  30 orcs
  8 bats
  9 endoplasms
  3 giant cockroaches
  6 gnoll zombies (Ossuary)
  20 goblins
  9 hobgoblins
  7 jackals
  9 quokkas
  23 ball pythons
  4 frilled lizards
  5 hobgoblin zombies (Ossuary)
  6 kobolds
  4 orc zombies (Ossuary)
  36 rats
278 creatures vanquished.

Notes
Turn   | Place    | Note
-------+----------+-------------------------------------------
     0 | D:1      | CInkIbrahim the Draconian Gladiator began the quest for the
                  | Orb.
     0 | D:1      | Reached XP level 1. HP: 17/17 MP: 1/1
   112 | D:1      | Reached XP level 2. HP: 16/24 MP: 2/2
   300 | D:1      | Reached skill level 4 in Long Blades
   354 | D:1      | Found Zojak's Book Boutique.
   651 | D:2      | You fall into a shaft and drop 2 floors!
   659 | D:4      | Reached XP level 3. HP: 29/29 MP: 3/3
   732 | D:4      | Noticed a scorpion
   733 | D:4      | Noticed a scorpion
   733 | D:4      | Noticed a scorpion
   739 | D:4      | Killed a scorpion
   740 | D:4      | Reached skill level 5 in Long Blades
   740 | D:4      | Reached XP level 4. HP: 36/36 MP: 4/4
   745 | D:4      | Killed a scorpion
   746 | D:4      | Reached XP level 5. HP: 38/41 MP: 5/5
   752 | D:4      | Reached skill level 6 in Long Blades
   759 | D:4      | Noticed Natasha
   776 | D:4      | Killed Natasha
   790 | D:4      | Reached XP level 6. HP: 47/48 MP: 6/6
   795 | D:4      | Reached skill level 7 in Long Blades
   802 | D:4      | Found the +11 Singing Sword {sonic wave}
  1037 | D:4      | Found a glowing drain.
  1041 | Sewer    | Entered a sewer
  1171 | Sewer    | Reached skill level 8 in Long Blades
  1317 | Sewer    | Your scales start taking on a golden yellow colour.
  1317 | Sewer    | Reached XP level 7. HP: 55/55 MP: 7/7
  1317 | Sewer    | Gained mutation: You are resistant to acid. (rCorr) [Yellow
                  | Draconian growth]
  1532 | D:2      | Found Dobing's Antique Armour Boutique.
  1959 | D:2      | Identified a scroll of acquirement
  1959 | D:2      | Acquired the +2 hat of the Bear Spirit {Spirit, Bear, *Rage
                  | Will++}
  1959 | D:2      | Found the +2 hat of the Bear Spirit {Spirit, Bear, *Rage
                  | Will++}
  2029 | D:2      | Reached skill level 9 in Long Blades
  2223 | D:2      | Bought a pair of gloves for 85 gold pieces
  2264 | D:3      | Noticed Jessica
  2268 | D:3      | Killed Jessica
  2381 | D:3      | Found a runed translucent door.
  2427 | D:3      | Reached XP level 8. HP: 61/61 MP: 8/8
  2434 | D:3      | Found a runed translucent door.
  2441 | D:3      | Noticed nogood's ghost (weakling DsFE)
  2463 | D:3      | Noticed Sigmund
  2474 | D:3      | Killed Sigmund
  2475 | D:3      | Reached skill level 10 in Long Blades
  2723 | D:3      | Found a white marble altar of Elyvilon.
  2723 | D:3      | Found a sacrificial altar of Ru.
  2723 | D:3      | Found a snail-covered altar of Cheibriados.
  2967 | D:3      | Killed nogood's ghost
  3199 | D:4      | Noticed Natasha
  3206 | D:4      | Killed Natasha
  3240 | D:4      | Noticed Pikel
  3250 | D:4      | Killed Pikel
  3251 | D:4      | Reached skill level 11 in Long Blades
  3335 | D:4      | Noticed Natasha
  3340 | D:4      | Found a blossoming altar of Fedhas.
  3342 | D:4      | Killed Natasha
  3362 | D:4      | Found a hide-covered altar of Uskayaw.
  4279 | D:5      | Entered Level 5 of the Dungeon
  4297 | D:5      | Reached skill level 12 in Long Blades
  4326 | D:5      | Reached XP level 9. HP: 44/67 MP: 6/9
  4369 | D:5      | Found a sand-covered staircase.
  4374 | Ossuary  | Entered an ossuary
  4771 | D:5      | Found an opulent altar of Gozag.
  5080 | D:6      | Reached skill level 13 in Long Blades
  5737 | D:7      | Found a flagged portal.
  5773 | D:7      | Identified the +5 hand axe "Xecapp" {freeze, rElec rPois
                  | Will+ Str+3}
  5783 | Bailey   | Entered a bailey
  5992 | Bailey   | Reached XP level 10. HP: 76/79 MP: 10/10
  6024 | Bailey   | Noticed an orc knight
  6035 | Bailey   | Killed an orc knight
  6050 | Bailey   | Noticed an orc warlord
  6067 | Bailey   | Mangled by an orc warlord

Illustrated notes

Levels and vault maps discovered:
D:1:      scummos_arrival_simple_crosswalls, layout_basic, serial_shops, shop,
          skrybe_limestone_x
D:2:      layout_loops_ring, serial_shops, nicolae_shop_waterfront,
          grunt_ministairs_15, kennysheep_path_1, guppyfry_early_lair_pool
D:3:      layout_loops_ring, gammafunk_temple_overflow_claw,
          ebering_ghost_sewer_f, supply_closet_lemuel, uniq_sigmund,
          uniq_jessica
D:4:      old_forge, layout_loops_corners, grunt_temple_overflow_open,
          portal_sewer_entry_e, uniq_natasha, uniq_pikel
D:5:      layout_cave_pools, mainiacjoe_overflow_alcove_4, enter_ossuary_2
D:6:      layout_basic
D:7:      layout_loops_cross, minmay_temple_entry_statues_fountains,
          enter_bailey_2, uniq_maggie
Bailey:   bailey_axe_minmay_hex_keep, bailey

Skill      XL: |  1  2  3  4  5  6  7  8  9 |
---------------+----------------------------+-----
Long Blades    | 4 5 6 8 9 12 13 | 13.9
Dodging        | 4 |  4.3
Fighting       | 4 |  4.5
Throwing       | |  1.7

Action                     |  1- 3 |  4- 6 |  7- 9 | 10-12 || total
---------------------------+-------+-------+-------+-------++-------
  Melee: Long sword        |    43 |       |       |       ||    43
         Tailslap          |     7 |    16 |    22 |     1 ||    46
         Short sword       |    35 |    63 |       |       ||    98
         Punch             |     1 |     2 |     2 |     1 ||     6
         Double sword      |       |    70 |   234 |    11 ||   315
Ability: Breathe Acid      |       |       |       |     1 ||     1
    Use: Potion            |     2 |     2 |       |     4 ||     8
         Scroll            |       |       |    13 |     1 ||    14
   Stab: Sleeping          |     2 |     2 |     6 |       ||    10
         Held in net/web   |       |     1 |       |       ||     1
 Armour: Skin              |    26 |    79 |    92 |       ||   197
  Dodge: Dodged            |    49 |   100 |   102 |     1 ||   252
